 Dungeon Crawl Stone Soup version 0.20.1-1-g8b1a95d (webtiles) character file.

53305 Iscandelvey the Severer (level 14, -3/127 HPs)
             Began as a Hill Orc Fighter on Dec 13, 2017.
             Was the Champion of Okawaru.
             Splashed by a brown ugly thing's acid (7 damage)
             ... on level 14 of the Dungeon.
             The game lasted 02:27:53 (22600 turns).

Iscandelvey the Severer (Hill Orc Fighter)         Turns: 22600, Time: 02:27:54

Health: -3/127     AC:  9    Str: 20    XL:     14   Next: 67%
Magic:  13/14      EV: 13    Int:  8    God:    Okawaru [******]
Gold:   1138       SH: 18    Dex: 14    Spells: 13/13 levels left

rFire    + . .     SeeInvis +   R - +3 war axe of Hoor {chop, *Noise +Blink rC+++ MR-}
rCold    + + +     Gourm    .   B - +0 large shield (curse)
rNeg     . . .     Faith    .   T - +2 ring mail "Roecaykk" {Dex+3}
rPois    .         Spirit   .   A - +2 hat {SInv}
rElec    .         Reflect  .   K - +1 cloak
rCorr    .         Harm     +   M - +0 pair of gloves
MR       .....                  q - +0 pair of boots
Stlth    +.........             x - amulet of harm
Regen    0.4/turn               j - ring of protection from fire
MPRegen  0.2/turn               k - -3 ring of dexterity (curse)

@: corroded
A: no striking features
a: Heroism, Finesse, Renounce Religion, Evoke Blink


You were on level 14 of the Dungeon.
You worshipped Okawaru.
Okawaru was exalted by your worship.
You were not hungry.

You visited 2 branches of the dungeon, and saw 15 of its levels.

You collected 1247 gold pieces.
You spent 109 gold pieces at shops.

Inventory:

Hand Weapons
 a - the +4 hand axe "Vufot" {freeze, rElec rPois MR+ Int+4}
   (Okawaru gifted it to you on level 12 of the Dungeon)

   It has been specially enchanted to freeze those struck by it, causing extra
   injury to most foes and up to half again as much damage against particularly
   susceptible opponents.
   It can also slow down cold-blooded creatures.
   It affects your intelligence (+4).
   It insulates you from electricity.
   It protects you from poison.
   It affects your resistance to hostile enchantments.
 I - a +5 flail of crushing
 R - the +3 war axe of Hoor (weapon) {chop, *Noise +Blink rC+++ MR-}
   (You found it on level 12 of the Dungeon)

   It inflicts extra damage upon your enemies.
   It renders you almost immune to cold.
   It affects your resistance to hostile enchantments.
   It lets you blink.
   It may make noises in combat.
 V - the +3 mace of Outrage {drain, +Rage}
   (You took it off a big kobold on level 9 of the Dungeon)

   A truly terrible weapon, it drains the life of those it strikes.
   It lets you go berserk.
Missiles
 N - a throwing net (quivered)
Armour
 c - a +0 shield
 q - a +0 pair of boots (worn)
 A - a +2 hat of see invisible (worn)
 B - a cursed +0 large shield (worn)
 K - a +1 cloak (worn)
 M - a +0 pair of gloves (worn)
 Q - a +1 chain mail of fire resistance
 T - the +2 ring mail "Roecaykk" (worn) {Dex+3}
   (Okawaru gifted it to you on level 11 of the Dungeon)

   It affects your dexterity (+3).
Jewellery
 j - a ring of protection from fire (left hand)
 k - a cursed -3 ring of dexterity (right hand)
 x - an amulet of harm (around neck)
 G - an uncursed amulet of guardian spirit
Wands
 D - a wand of confusion (25/48)
 H - a wand of scattershot (1/9)
Scrolls
 e - a scroll of noise {unknown}
 h - 5 scrolls of recharging
 i - 2 scrolls of random uselessness {unknown}
 m - 5 scrolls of amnesia {unknown}
 n - a scroll of magic mapping {unknown}
 p - 2 scrolls of immolation {unknown}
 s - 2 scrolls of enchant weapon {unknown}
 u - a scroll of torment {unknown}
 v - 5 scrolls of teleportation {unknown}
 y - 10 scrolls of identify
 F - 8 scrolls of remove curse
 L - 2 scrolls of fog {unknown}
 U - a scroll of blinking {unknown}
 W - a scroll of fear {unknown}
 X - a scroll of enchant armour {unknown}
 Y - a scroll of acquirement {unknown}
Potions
 b - a potion of agility {unknown}
 d - 7 potions of might
 g - 2 potions of berserk rage {unknown}
 l - 2 potions of lignification {unknown}
 o - a potion of cancellation {unknown}
 t - 4 potions of curing
 w - a potion of flight {unknown}
 C - 2 potions of haste {unknown}
 E - a potion of magic {unknown}
 J - a potion of degeneration {unknown}
 O - a potion of brilliance {unknown}
Miscellaneous
 Z - a phantom mirror
Comestibles
 f - 8 bread rations
 r - 6 fruits
 z - 9 meat rations
 P - 4 royal jellies
 S - 3 chunks of flesh


   Skills:
 + Level 12.4 Fighting
 * Level 18.8 Axes
 + Level 11.6 Armour
 + Level 8.1 Dodging
 - Level 1.0 Stealth
 + Level 11.6 Shields


You had 13 spell levels left.
You didn't know any spells.

Dungeon Overview and Level Annotations

Branches:
Dungeon (14/15)            Temple (1/1) D:4            Lair (0/6) D:8
    Orc (0/2) D:10         Vaults (0/5) D:13

Altars:
Ashenzari
Cheibriados
Dithmenos
Elyvilon
Fedhas
Gozag
Hepliaklqana
Kikubaaqudgha
Makhleb
Nemelex Xobeh
Okawaru
Qazlal
Ru
Sif Muna
Trog
Uskayaw
Vehumet
Xom
Yredelemnul
Zin
The Shining One

Shops:
D:10 *   D:13 %*}

Annotations:
D:12 exclusion: ice statue


Message History

You hit the brown ugly thing but do no damage.
The brown ugly thing is moderately wounded.
You hit the brown ugly thing.
The brown ugly thing is moderately wounded.
You block the brown ugly thing's attack.
You slash the brown ugly thing!
The brown ugly thing is heavily wounded.
The brown ugly thing trunk-slaps you!
* * * LOW HITPOINT WARNING * * *
The acid corrodes you!
You are splashed with acid!
The acid burns!
* * * LOW HITPOINT WARNING * * *
You feel better. The brown ugly thing trunk-slaps you!
* * * LOW HITPOINT WARNING * * *
You are splashed with acid!
The acid burns!
* * * LOW HITPOINT WARNING * * *
Unknown command.
You blink.
You feel slightly more hungry. The brown ugly thing trunk-slaps you!
* * * LOW HITPOINT WARNING * * *
You are splashed with acid!
The acid burns!
You die...

#..... #....# #....#
#....########### #
#..........#...### ##..
#...## #.......###....
#..).#####(§...##.......
#.....().(.#u###......#
####>=[#####@.##....#
###)######....#
#.÷....###..# #.####.#
#..... #....### #.###...
##....## ... .#
#....≈#.... #
#....≈#.....
#....≈#.uu..


You could see a brown ugly thing.

Vanquished Creatures
  Agnes (D:14)
  Kirke (D:14)
  A ghoul (D:11)
  Josephine (D:11)
  A hydra (D:12)
  4 vault guards
  10 two-headed ogres
  Erica (D:8)
  A death knight (D:13)
  Urug (D:12)
  4 skeletal warriors (D:13)
  2 unseen horrors (D:12)
  A wolf spider zombie (D:13)
  4 deep elf magi
  5 cyclopes
  4 manticores
  16 ugly things
  Joseph (D:7)
  4 centaur zombies
  The ghost of Ymberto the Ducker, a novice DEFE of Sif Muna (D:6)
  A komodo dragon (D:10)
  2 kobold demonologists
  2 freezing wraiths
  6 trolls
  A harpy zombie (D:13)
  A hornet (D:8)
  2 polar bears (D:12)
  A meliai zombie (D:13)
  2 hippogriffs
  6 wraiths
  A tarantella (shapeshifter) (D:13)
  Sigmund (D:3)
  2 wyverns
  A shadow (D:14)
  17 yaks
  Eustachio (D:6)
  A hog (D:14)
  A basilisk (D:14)
  5 hungry ghosts
  A steam dragon (D:14)
  Menkaure (D:6)
  Edmund (D:4)
  A naga (shapeshifter) (D:14)
  2 hell hounds (D:8)
  7 orc warriors
  11 ice beasts
  7 sky beasts
  4 black bears
  5 phantoms
  7 centaurs
  12 ogres
  A crocodile (D:7)
  6 big kobolds
  16 bullfrogs
  A water moccasin skeleton (D:10)
  2 troll zombies (D:10)
  20 killer bees
  A wight (D:9)
  2 howler monkeys
  5 bullfrog zombies
  4 crimson imps
  3 quasits
  5 jellies
  2 bullfrog skeletons (D:12)
  3 orc priests
  5 hounds
  6 centaur skeletons
  Jessica (D:2)
  Crazy Yiuf (D:7)
  6 iguanas
  8 orc wizards
  11 worker ants
  6 ogre zombies (D:10)
  A hound zombie (D:5)
  A hound skeleton (D:7)
  2 mummies (D:13)
  A worker ant zombie (D:5)
  Robin (D:3)
  10 gnolls
  2 howler monkey zombies (D:6)
  10 adders
  2 shadow imps
  A white imp (D:12)
  2 oozes
  An adder skeleton (D:9)
  2 worms
  2 dart slugs
  3 leopard geckos
  36 orcs
  6 ball pythons
  8 bats
  2 giant cockroaches
  14 goblins
  11 hobgoblins
  14 jackals
  47 kobolds
  3 quokkas
  5 frilled lizards
  3 goblin skeletons (D:10)
  5 goblin zombies (D:10)
  2 hobgoblin skeletons (D:10)
  A hobgoblin zombie (D:10)
  2 jackal zombies
  2 leopard gecko skeletons
  An orc skeleton (D:10)
  13 orc zombies (D:10)
  10 rats
  A withered plant (D:13)
519 creatures vanquished.

Vanquished Creatures (others)
  A deep elf mage (D:12)
  Grinder (D:6)
  2 humans (D:14)
  An adder (D:6)
  11 withered plants (D:13)
16 creatures vanquished.

Grand Total: 535 creatures vanquished

Notes
Turn   | Place    | Note
-------+----------+-------------------------------------------
     0 | D:1      | Iscandelvey the Hill Orc Fighter began the quest for the Orb.
     0 | D:1      | Reached XP level 1. HP: 19/19 MP: 1/1
    78 | D:1      | Reached XP level 2. HP: 24/27 MP: 2/2
   168 | D:1      | Reached skill level 3 in Axes
   443 | D:1      | Reached XP level 3. HP: 20/33 MP: 3/3
   765 | D:2      | Noticed Jessica
   772 | D:2      | Killed Jessica
   772 | D:2      | Reached XP level 4. HP: 28/40 MP: 4/4
   998 | D:2      | You fall through a shaft!
  1247 | D:3      | Noticed Robin
  1333 | D:3      | Killed Robin
  1393 | D:3      | Reached XP level 5. HP: 46/46 MP: 5/5
  1481 | D:3      | Reached skill level 4 in Axes
  1481 | D:3      | Reached skill level 1 in Dodging
  1794 | D:3      | Noticed Sigmund
  1857 | D:3      | Killed Sigmund
  1857 | D:3      | Reached skill level 5 in Axes
  1857 | D:3      | Reached XP level 6. HP: 36/53 MP: 6/6
  2350 | D:2      | Found a burning altar of Makhleb.
  2465 | D:4      | Reached skill level 6 in Axes
  2469 | D:4      | Reached XP level 7. HP: 48/60 MP: 7/7
  2654 | D:4      | Reached skill level 5 in Shields
  2748 | D:4      | Reached skill level 7 in Axes
  2765 | D:4      | Found a staircase to the Ecumenical Temple.
  2773 | Temple   | Entered the Ecumenical Temple
  3009 | Temple   | Became a worshipper of Warmaster Okawaru
  3110 | D:4      | Noticed Edmund
  3494 | D:4      | Reached skill level 5 in Armour
  3533 | D:4      | Reached skill level 5 in Fighting
  3536 | D:4      | Reached skill level 8 in Axes
  3536 | D:4      | Reached XP level 8. HP: 42/68 MP: 3/8
  3580 | D:4      | Killed Edmund
  3580 | D:4      | Reached * piety under Okawaru
  3963 | D:5      | Entered Level 5 of the Dungeon
  3974 | D:5      | Reached skill level 9 in Axes
  4652 | D:5      | Reached skill level 10 in Axes
  4967 | D:6      | Killed Grinder
  5279 | D:6      | Noticed Ymberto's ghost (novice DEFE)
  5298 | D:6      | Killed Ymberto's ghost
  5298 | D:6      | Reached ** piety under Okawaru
  5298 | D:6      | Reached skill level 1 in Stealth
  5298 | D:6      | Reached XP level 9. HP: 71/74 MP: 9/9
  5337 | D:6      | Noticed Menkaure
  5347 | D:6      | Killed Menkaure
  5347 | D:6      | Reached skill level 11 in Axes
  5680 | D:6      | Noticed Eustachio
  5723 | D:6      | Killed Eustachio
  7016 | D:7      | Found a shadowy altar of Dithmenos.
  7016 | D:7      | Found a sparkling altar of Nemelex Xobeh.
  7049 | D:7      | Reached *** piety under Okawaru
  7049 | D:7      | Reached skill level 12 in Axes
  7342 | D:7      | Noticed Joseph
  7387 | D:7      | Killed Joseph
  7387 | D:7      | Reached XP level 10. HP: 67/84 MP: 7/10
  7699 | D:7      | Found a hide-covered altar of Uskayaw.
  7848 | D:7      | Paralysed by fainting for 8 turns
  7977 | D:7      | Found a runed door.
  8128 | D:7      | Found an opulent altar of Gozag.
  8357 | D:7      | Reached **** piety under Okawaru
  8450 | D:7      | Noticed Crazy Yiuf
  8459 | D:7      | Killed Crazy Yiuf
  8832 | D:8      | Noticed a two-headed ogre
  9090 | D:8      | Killed a two-headed ogre
  9090 | D:8      | Reached skill level 13 in Axes
  9741 | D:8      | Noticed a two-headed ogre
  9758 | D:8      | Killed a two-headed ogre
 10058 | D:8      | Paralysed by a hornet for 2 turns
 10194 | D:8      | Found a staircase to the Lair.
 10252 | D:8      | Noticed Erica
 10309 | D:8      | Reached XP level 11. HP: 42/94 MP: 9/11
 10577 | D:8      | Killed Erica
 11496 | D:9      | Reached skill level 14 in Axes
 11570 | D:9      | Noticed a two-headed ogre
 11582 | D:9      | Killed a two-headed ogre
 11647 | D:9      | Reached ***** piety under Okawaru
 11651 | D:9      | Noticed a manticore
 11672 | D:9      | Killed a manticore
 11672 | D:9      | Received a gift from Okawaru
 11708 | D:9      | Got a dazzling mace {drain}
 11791 | D:9      | Identified the cursed +3 mace of Outrage {drain, +Rage} (You took it off a big kobold on level 9 of the Dungeon)
 12168 | D:9      | Noticed a two-headed ogre
 12177 | D:9      | Killed a two-headed ogre
 12177 | D:9      | Reached skill level 5 in Dodging
 12220 | D:9      | Found a glowing golden altar of the Shining One.
 12570 | D:10     | Entered Level 10 of the Dungeon
 12958 | D:10     | Noticed a two-headed ogre
 12982 | D:10     | Killed a two-headed ogre
 13114 | D:10     | Found a staircase to the Orcish Mines.
 13517 | D:10     | Found Noozar's Assorted Antiques.
 13577 | D:10     | Bought a potion of curing for 81 gold pieces
 13607 | D:10     | Noticed a cyan ugly thing
 13621 | D:10     | Killed a cyan ugly thing
 13944 | D:11     | Noticed a two-headed ogre
 13992 | D:10     | Killed a two-headed ogre
 13992 | D:10     | Reached skill level 15 in Axes
 13992 | D:10     | Reached XP level 12. HP: 42/104 MP: 4/12
 14338 | D:11     | Noticed a two-headed ogre
 14356 | D:11     | Killed a two-headed ogre
 14459 | D:11     | Noticed Josephine
 14482 | D:11     | Killed Josephine
 14708 | D:11     | Received a gift from Okawaru
 14713 | D:11     | Got a steaming ring mail {god gift}
 14726 | D:11     | Identified the +2 ring mail "Roecaykk" {Dex+3} (Okawaru gifted it to you on level 11 of the Dungeon)
 14784 | D:11     | Found a hazy altar of Hepliaklqana.
 15072 | D:11     | Reached skill level 10 in Fighting
 15390 | D:11     | Reached skill level 16 in Axes
 15646 | D:12     | Found a glowing silver altar of Zin.
 15770 | D:12     | Noticed Urug
 15811 | D:11     | Reached skill level 10 in Armour
 15890 | D:12     | Killed Urug
 16179 | D:12     | Reached skill level 10 in Shields
 16226 | D:12     | Reached XP level 13. HP: 111/114 MP: 13/13
 16704 | D:12     | Reached skill level 17 in Axes
 17162 | D:12     | Got a warped war axe
 17163 | D:12     | Identified the +3 war axe of Hoor {chop, *Noise +Blink rC+++ MR-} (You found it on level 12 of the Dungeon)
 17311 | D:12     | Received a gift from Okawaru
 17318 | D:12     | Got an encrusted hand axe {god gift}
 17320 | D:12     | Identified the +4 hand axe "Vufot" {freeze, rElec rPois MR+ Int+4} (Okawaru gifted it to you on level 12 of the Dungeon)
 17939 | D:13     | Found a gate to the Vaults.
 17939 | D:13     | Noticed a vault guard
 17939 | D:13     | Noticed a vault guard
 17939 | D:13     | Noticed a vault guard
 17939 | D:13     | Noticed a vault guard
 17984 | D:13     | Killed a vault guard
 17995 | D:12     | Killed a vault guard
 18703 | D:13     | Killed a vault guard
 18703 | D:13     | Received a gift from Okawaru
 19083 | D:13     | Killed a vault guard
 19089 | D:13     | Found Owkeuhag's Assorted Antiques.
 19109 | D:13     | Noticed a ghoul
 19568 | D:13     | Found Vaycs's Gadget Shop.
 19982 | D:11     | Killed a ghoul
 19982 | D:11     | Reached XP level 14. HP: 67/125 MP: 7/14
 20105 | D:12     | Reached skill level 18 in Axes
 20641 | D:13     | Received a gift from Okawaru
 20648 | D:13     | Reached ****** piety under Okawaru
 21127 | D:13     | Found Ruoss's Food Emporium.
 21162 | D:13     | Bought a royal jelly for 28 gold pieces
 21503 | D:14     | Noticed Kirke
 21883 | D:14     | Noticed a sphinx
 22055 | D:14     | Killed Kirke
 22092 | D:14     | Noticed Agnes
 22110 | D:14     | Killed Agnes
 22591 | D:14     | Received a gift from Okawaru
 22600 | D:14     | HP: 4/127 [brown ugly thing (10)]
 22600 | D:14     | Splashed by a brown ugly thing's acid

Skill      XL: |  1  2  3  4  5  6  7  8  9 10 11 12 13 14 |
---------------+-------------------------------------------+-----
Axes           | 3 5 6 8 10 12 13 15 16 17 18 | 18.8
Shields        | 4 5 6 7 8 10 11 | 11.6
Fighting       | 4 5 6 7 9 10 11 12 | 12.4
Dodging        | 1 2 3 4 5 6 7 8 |  8.1
Armour         | 4 5 6 7 8 9 10 11 | 11.6
Stealth        | 1 |  1.0

Action                   |  1- 3 |  4- 6 |  7- 9 | 10-12 | 13-15 || total
-------------------------+-------+-------+-------+-------+-------++-------
Melee: War axe           |    95 |   168 |   395 |   370 |   532 ||  1560
       Mace              |       |       |       |   885 |   244 ||  1129
       Unarmed           |       |       |       |       |     1 ||     1
Throw: Throwing net      |       |       |       |     1 |       ||     1
Invok: Heroism           |       |       |     3 |    13 |     9 ||    25
 Abil: Evoke Berserk Rag |       |       |       |     2 |     3 ||     5
       Evoke Blink       |       |       |       |       |     4 ||     4
  Use: Potion            |       |       |     2 |     3 |     2 ||     7
       Scroll            |       |       |       |       |     2 ||     2
  Eat: Chunk             |       |     5 |    16 |    29 |     9 ||    59
       Fruit             |       |       |       |     3 |     8 ||    11
       Bread ration      |       |       |       |     2 |     2 ||     4
Armor: Scale mail        |    62 |    73 |   129 |   253 |       ||   517
       Troll leather arm |       |       |       |   109 |       ||   109
       Ring mail         |       |       |       |    90 |   219 ||   309
Dodge: Dodged            |    42 |    55 |   106 |   576 |   204 ||   983
Block: Shield            |    76 |    88 |   179 |   748 |   178 ||  1269
       Large shield      |       |       |       |       |   228 ||   228
